Map: Tokamak LE

Players

LunaSea - Winner!

  • Race: Protoss Protoss
  • Spawn Location: 1:00

Jumy (ForJumy)

  • Race: Protoss Protoss
  • League: Grandmaster
  • Spawn Location: 7:00

Event: HomeStory Cup XXVII

VOD

Have the link to the VOD?

Description

Time

  • Played on: June 27, 2025, 11:02 a.m.
  • Length: 7:01

All games in this series

Show
View Real Time Build Order
Export as new Build Order

LunaSea Protoss - Winner!

Build Orders:  

Get SALT Encoding   

  12  0:00  Probe  
  13  0:12  Probe  
  14  0:17  Pylon  
  14  0:24  Probe  
  15  0:32  Probe  
  15  0:36  Gateway  
  15  0:40  Probe  
  16  0:46  Assimilator  
  17  0:51  Probe  
  17  0:54  Assimilator  
  18  1:00  Probe  
  19  1:08  Gateway, Probe  
  19  1:17  Probe  
  21  1:27  Cybernetics Core  
  21  1:29  Probe  
  22  1:33  Pylon  
  22  1:41  Probe  
  23  2:02  Stalker x2  
  23  2:03  Robotics Facility  
  27  2:12  Warp Gate  
  27  2:20  Pylon  
  27  2:35  Adept  
  27  2:36  Adept  
  31  2:39  Shield Battery  
  31  2:40  Immortal  
  35  2:58  Gateway  
  35  3:04  Pylon  
  35  3:10  Warp Prism  
  36  3:49  Immortal  
  40  4:21  Stalker  
  42  4:24  Adept x2  
  46  4:44  Pylon  
  44  4:48  Stalker  
  46  4:57  Stalker  
  46  5:02  Immortal  
  50  5:11  Adept x2  
  54  5:16  Pylon  
  50  5:36  Immortal  
  50  5:43  Adept x3  
  54  6:05  Adept x2  
  54  6:06  Adept  
  56  6:33  Adept x3  
Show
View Real Time Build Order
Export as new Build Order

Jumy Protoss 

Build Orders:  

Get SALT Encoding   

  12  0:00  Probe  
  13  0:12  Probe  
  14  0:17  Pylon  
  14  0:24  Probe  
  15  0:32  Probe  
  15  0:38  Gateway  
  15  0:40  Probe  
  16  0:46  Assimilator  
  17  0:51  Probe  
  17  0:54  Assimilator  
  18  0:59  Probe  
  19  1:07  Probe  
  19  1:08  Gateway  
  19  1:17  Probe  
  20  1:25  Cybernetics Core  
  21  1:29  Probe  
  21  1:32  Pylon  
  22  1:41  Probe  
  23  1:53  Probe  
  24  2:01  Warp Gate, Adept x2  
  28  2:05  Probe  
  28  2:06  Pylon  
  29  2:17  Probe  
  30  2:28  Pylon  
  31  2:30  Probe, Stalker  
  31  2:32  Sentry  
  35  2:40  Robotics Facility  
  35  2:43  Probe  
  36  2:52  Pylon  
  36  3:07  Nexus  
  36  3:10  Sentry  
  38  3:19  Stalker, Warp Prism  
  38  3:29  Pylon  
  40  3:35  Shield Battery  
  40  3:49  Stalker  
  40  3:51  Gateway  
  42  3:57  Immortal  
  42  4:01  Pylon  
  46  4:12  Stalker  
  48  4:23  Pylon  
  48  4:27  Shield Battery  
  47  4:41  Immortal  
  51  4:46  Stalker  
  51  4:49  Adept  
  55  4:54  Pylon  
  53  5:12  Shield Battery, Sentry, Stalker  
  53  5:13  Immortal  
  61  5:29  Pylon  
  59  5:44  Twilight Council  
  59  5:48  Gateway  
  57  6:03  Immortal  
  58  6:39  Adept  
  48  6:41  Observer  
  37  6:49  Stalker  
Tags
 
Matchup
PvP
Replay Pack
hsc27
Spawn Locations
Cross Positions
Add a new tag
Caveats
  • Supply blocks, unpowered buildings, or Contaminate may cause inaccurate times.
  • Supply counts are checked every 10 seconds.